← All builds
Geo / Armada / Economy first / OBSERVED BUILD

Standard geo

Standard Geo economy-first play: geothermal by 3:26, T2 constructor by 4:55, advanced geothermal and vehicle plant around 7:07, transitioning into Starlight and T1 vehicles for front while supplying allies with cons and Lazarus.

Usually blows up the commander for T2 (66%)

#eco #t2 · 660 distinct matches · 107 players · 58% of Armada Geo games · team won 55% of 745 · Recently observed

HOW TO PLAY IT

Key timing: Geothermal Powerplant by 3:26

  1. Open mex and wind into Bot Lab.
  2. Rush geothermal for the early energy spike.
  3. Add Advanced Metal Extractor, then Advanced Geothermal by 7:07.
  4. Bring up Vehicle Plant alongside T2 con for "Starlight" and vehicles.
  5. Funnel "Starlight" and T1 vehicles to front, pay allies with cons and "Lazarus".

Phase by phase

TYPICAL OF ITS 660 GAMES
  1. 1
  2. 2
  3. 3
  4. 4
PLAY THE OPENING

Follow the example game's first 6:00 step by step: what to build now, what comes next, and where it goes. At 1× it keeps pace with your own game.

  1. 1

    Up to the Bot Lab

    Economy
    • Metal Extractor2Mex
    • Wind Turbine4Wind
    Order
    1. Bot LabBot Lab after 2 mex, 4 winddone ~1:12, middle half 0:58–1:22

    By 0:55 in all: 2 mex · 4 wind

    The example game in this phase · 6 steps
    1. Mex ×2
    2. Wind
    3. SentrySentry
    4. Mex
    5. Wind ×2
    6. Bot LabBot Labdone 1:31 · typical 1:12
  2. 2

    Bot Lab to 5:00

    Economy
    • Metal Extractor2Mex
    • Wind Turbine3Wind
    • Energy Converter8Converter
    • Energy Storage1Energy storage
    Order
    1. Geothermal PowerplantGeo after 4 mex, 5 wind, 1 energy storage
    Builders
    • Construction Turret5 Con turret
    • Lazarus4 Lazarus
    • Construction Bot2 Con bot
    • Construction Bot1 Con bot for allies
    • Lazarus1 Lazarus for allies

    By 5:00 in all: 4 mex · 6 wind · 1 geo · 8 converter · 1 energy storage · 5 con turret

    The example game in this phase · 23 steps
    1. LazarusLazarus
    2. Wind
    3. LazarusLazarus
    4. Energy storage ×2
    5. Construction BotCon botfor Beach sea
    6. LazarusLazarus
    7. Construction BotCon bot
    8. LazarusLazarusfor Beach sea
    9. Mex
    10. Geothermal PowerplantGeodone 4:06 · typical 3:26
    11. LazarusLazarus ×2
    12. Construction BotCon bot
    13. PawnPawnfor Beach sea
    14. Con turret
    15. Converter
    16. Con turret ×3
    17. Converter
    18. Con turret
    19. Converter
    20. Wind
    21. Converter
    22. Wind
    23. Con turret
  3. 3

    5:00 to Vehicle Plant

    Order
    1. Advanced Geothermal PowerplantAdvanced Geothermal Powerplant after 8 wind, 10 converter, 6 con turretin 61% of games
    2. Vehicle PlantVehicle Plant after 9 wind, 10 converter, 6 con turretdone ~7:07, middle half 6:43–7:41
    Builders
    • Construction Turret1 Con turret

    Some games also: converter (49%) · wind (47%)

    By 7:00 in all: 4 mex · 10 wind · 1 geo · 1 Advanced Geothermal Powerplant · 11 converter · 1 energy storage

    The example game in this phase · 30 steps
    1. Converter
    2. Wind
    3. Converter
    4. Con turret
    5. Wind
    6. Converter
    7. Wind
    8. Converter
    9. Radar TowerRadar Tower
    10. Converter
    11. Wind
    12. Converter
    13. Wind
    14. Converter
    15. SentrySentry
    16. Converter ×3
    17. SentrySentry
    18. Converter
    19. Advanced Metal ExtractorT2 mexdone 6:13 · typical 5:34
    20. Converter
    21. Advanced Metal ExtractorT2 mex
    22. SentrySentry
    23. Converter
    24. Advanced Metal ExtractorT2 mex
    25. Converter
    26. Advanced Metal ExtractorT2 mex
    27. Wind
    28. Advanced Geothermal PowerplantAdvanced Geothermal Powerplantdone 7:28 · typical 7:06
    29. SentrySentry
    30. Wind
  4. 4

    Vehicle Plant to 10:00

    Economy
    • Wind Turbine5Wind
    • Energy Converter3Converter
    Order
    1. Advanced Vehicle PlantAdvanced Vehicle Plant after 11 wind, 12 converter, 7 con turretin 80% of games
    Builders
    • Construction Turret1 Con turret
    • Construction Vehicle1 Con vehicle
    Army
    • Starlight2 Starlight
    • Umbra1 Jammer
    • Prophet1 Radar vehicle

    Some games also: T2 con vehicle for allies (48%) · Jaguar (31%)

    By 10:00 in all: 4 mex · 19 wind · 1 geo · 1 Advanced Geothermal Powerplant · 16 converter · 1 energy storage

    The example game in this phase · 146 steps
    1. Wind
    2. Hovercraft PlatformHovercraft Platformdone 7:34
    3. Con turret
    4. Wind
    5. SeekerSeeker
    6. Wind
    7. SeekerSeeker
    8. Wind
    9. SeekerSeeker ×2
    10. Wind
    11. SeekerSeeker ×2
    12. Wind
    13. SeekerSeeker ×2
    14. Wind
    15. SeekerSeeker ×2
    16. Wind
    17. SeekerSeeker ×2
    18. Wind
    19. SeekerSeeker
    20. Wind
    21. SeekerSeeker ×3
    22. Wind
    23. SeekerSeeker
    24. Wind
    25. SeekerSeeker
    26. Wind
    27. SeekerSeeker ×2for Beach sea
    28. Wind
    29. Construction HovercraftCon hovercraft
    30. Wind
    31. Construction HovercraftCon hovercraft ×2
    32. Wind
    33. Con turret
    34. Aircraft PlantAircraft Plantdone 8:50
    35. StormbringerBomber
    36. Wind
    37. StormbringerBomber ×3
    38. Con turret
    39. StormbringerBomber ×2
    40. Wind
    41. StormbringerBomber
    42. Converter
    43. StormbringerBomber ×2
    44. Wind
    45. StormbringerBomber
    46. Wind ×2
    47. StormbringerBomber
    48. Wind
    49. StormbringerBomber
    50. Wind
    51. StormbringerBomber
    52. Wind ×2
    53. StormbringerBomber
    54. Wind ×2
    55. StormbringerBomber
    56. Wind
    57. StormbringerBomber ×2
    58. Wind ×2
    59. StormbringerBomber
    60. Wind
    61. StormbringerBomber ×2
    62. Wind
    63. FalconFighter
    64. Wind
    65. FalconFighter ×2
    66. Wind ×2
    67. FalconFighter ×2
    68. Wind ×2
    69. FalconFighter
    70. Wind
    71. FalconFighter
    72. Wind
    73. FalconFighter
    74. Wind
    75. FalconFighter
    76. Wind ×2
    77. FalconFighter ×2
    78. Wind
    79. FalconFighter
    80. Converter
    81. FalconFighter
    82. Wind
    83. FalconFighter ×2
    84. Wind
    85. FalconFighter
    86. Converter
    87. Wind
    88. Advanced Vehicle PlantAdvanced Vehicle Plantdone 11:22 · typical 8:09
    89. Wind ×4
    90. StarlightStarlightdone 11:45 · typical 9:06
    91. Wind ×3
    92. StarlightStarlight
    93. Wind ×5
    94. Con turret
    95. Wind
    96. StarlightStarlight
    97. Wind ×2
    98. Converter
    99. Wind
    100. Converter
    101. Wind
    102. StarlightStarlight
    103. Converter
    104. Wind ×2
    105. Converter
    106. Con turret
    107. Converter ×3
    108. AmbassadorAmbassadordone 13:17
    109. Converter ×3
    110. Con turret
    111. Converter ×3
    112. AmbassadorAmbassador
    113. Converter ×2
    114. Wind
    115. Converter ×2
    116. Con turret
    117. JaguarJaguar
    118. Converter
    119. Con turret
    120. Wind
    121. JaguarJaguar
    122. Con turret
    123. Wind
    124. Converter
    125. JaguarJaguar
    126. Converter ×2
    127. JaguarJaguar
    128. BeamerBeamer
    129. Wind
    130. Converter
    131. JaguarJaguar
    132. Converter
    133. JaguarJaguar
    134. Wind
    135. Converter
    136. Naval Construction Turret
    137. JaguarJaguar
    138. Converter
    139. JaguarJaguar
    140. Converter
    141. Wind
    142. JaguarJaguar
    143. Converter
    144. JaguarJaguar
    145. Wind ×2
    146. Converter

Counts are medians over the build's games: half of them build more, half fewer. The example game is Viltrum's (40 OS, 18/09/2026); pick another.

Team trades

IN AT LEAST 30% OF ITS GAMES

You hand over

  • Lazarus1 Lazarus to Beach seafirst at 2:16 · in 78% of games
  • Construction Bot1 Con bot to Beach seafirst at 2:31 · in 88% of games
  • Advanced Construction Vehicle1 T2 con vehicle to Suicide front or Frontfirst at 8:52 · in 61% of games

You get

  • Hercules1 Light transport from Airfirst at 4:19 · in 35% of games
  • Advanced Construction Bot1 T2 con bot from Techfirst at 4:48 · in 95% of games

How it plays out

Typical game of this build, running totals by minute

Metal produced

020k40k
0:005:0010:0015:00

metal

Enemy metal destroyed

05k10k15k
0:005:0010:0015:00

metal

Own metal lost

02.5k5k7.5k
0:005:0010:0015:00

metal

745 games.

Show as table
ByMetal produced: This buildEnemy metal destroyed: This buildOwn metal lost: This build
1:0033300
2:0082500
3:00152300
4:00270000
5:00372600
6:00572900
7:00813000
8:0011459021
9:001448951130
10:0017405565280
11:00203772074790
12:002330539401940
13:002606259613304
14:002898883214785
15:0031497101726196
WHAT THE NUMBERS SAY

Standard Geo build dominates the resource numbers, with zero own losses through 10:00 and a huge metal lead by 15:00.

  • + Metal produced hits 31426 by 15:00, highest of all six builds
  • + Own metal lost is 0 by 5:00 and only 334 by 10:00
  • − First Starlight only arrives in 57% of games by 9:19
  • − Advanced geothermal lands in just 69% of games by 7:16
THE EXAMPLE YOU ARE READING

Viltrum

40.3 OS · 18/09/2026

Open source match ↗

4 received units · includes a constructor
477 metal received · 47207 energy received

Allied construction assistance is unknown. Timings are observations, not a promise of solo reproducibility.

Typical milestones

Bot Lab1:12Middle 50%: 0:58–1:22 · n=744
Geothermal Powerplant3:26Middle 50%: 3:10–3:42 · n=743
Advanced Metal Extractor5:34Middle 50%: 5:19–5:56 · n=742
Advanced Geothermal Powerplant7:06Middle 50%: 6:49–7:34 · n=552
Vehicle Plant7:07Middle 50%: 6:43–7:41 · n=705
Advanced Vehicle Plant8:09Middle 50%: 7:41–8:54 · n=669
Starlight9:06Middle 50%: 8:32–9:53 · n=583

Played most by

zeus_on_god76games of this build0neTw074games of this buildViltrum53games of this buildDamsko35games of this buildXad35games of this build